 Dungeon Crawl Stone Soup version 0.19.3-4-gbf9329e (webtiles) character file.

172 galech the Skirmisher (level 5, -9/57 HPs)
             Began as an Ogre Fighter on Jan 30, 2017.
             Mangled by an ogre
             ... wielding a +0 giant spiked club
              (19 damage)
             ... on level 2 of the Dungeon.
             The game lasted 00:03:57 (2507 turns).

galech the Skirmisher (Ogre Fighter)                Turns: 2507, Time: 00:03:58

Health: -9/57      AC:  3    Str: 22    XL:     5   Next: 52%
Magic:  5/5        EV:  9    Int:  7    God:
Gold:   83         SH:  9    Dex:  9    Spells: 0 memorised, 4 levels left

rFire  . . .     SeeInvis .     a - +0 flail
rCold  . . .     Gourm    .     b - +0 robe
rNeg   . . .     Faith    .     c - +0 shield
rPois  .         Spirit   .     (helmet restricted)
rElec  .         Reflect  .     (no cloak)
rCorr  .         Harm     .     (gloves unavailable)
MR     .....                    (boots unavailable)
Stlth  +.........               (no amulet)
                                (no ring)
                                (no ring)

@: no status effects
A: unfitting armour, tough skin 1
a: no special abilities


You were on level 2 of the Dungeon.
You were not hungry.

You visited 1 branch of the dungeon, and saw 2 of its levels.

You collected 83 gold pieces.

Inventory:

Hand Weapons
 a - a +0 flail (weapon)
Armour
 b - a +0 robe (worn)
 c - a +0 shield (worn)
Scrolls
 e - 2 scrolls of noise {unknown}
Potions
 d - a potion of might
 h - a potion of degeneration {unknown}
 i - a potion of brilliance {unknown}
 k - a potion of agility
 l - a potion of heal wounds {unknown}
Comestibles
 f - 3 bread rations
 g - 5 chunks of flesh
 j - a slice of pizza


   Skills:
 + Level 5.0 Fighting
 + Level 4.0 Maces & Flails
 + Level 3.8 Dodging
 + Level 0.4 Stealth
 + Level 3.5 Shields


You had 4 spell levels left.
You didn't know any spells.

Dungeon Overview and Level Annotations

Branches:
Dungeon (2/15)

Altars:
Gozag

Shops:
D:2 *


Innate Abilities, Weirdness & Mutations

You are too large for most types of armour.
You have tough skin. (AC +1)


Message History

You block the ogre's attack.
You hit the ogre.
The ogre is severely wounded.
The ogre hits you with a giant spiked club!!
* * * LOW HITPOINT WARNING * * *
You are too injured to fight recklessly!
You are too injured to fight recklessly!
You are too injured to fight recklessly!
You are too injured to fight recklessly!
You are too injured to fight recklessly!
You are too injured to fight recklessly!
You are too injured to fight recklessly!
You are too injured to fight recklessly!
You are too injured to fight recklessly!
You are too injured to fight recklessly!
You are too injured to fight recklessly!
You sock the ogre!
The ogre is almost dead.
The ogre hits you with a giant spiked club!!
You die...

##........# #.#..#
#............
...######.#
#.#..###.###......##
.### #.#
#.#.................
.# #.#
#.#(###########....#
## #.# #.#.# #....#
.########.####.#.#
##....#
...).............#
#......
##############.######
#.....# # #..@O..#
#.....# # #.####.#
#.....# # #.# #.#
#.[.... # ####.# #.#
#####...... #######
#....# #.#
#.......... ......#
##.#### #.#
#.###.###.# #####.#
##...# #.# #.#
#.###.# # #.# #....#
#.###.###..##.. ##
#.# #....#
#.#.....##.##..


You could see an ogre.

Vanquished Creatures
  Jessica (D:2)
  A worker ant (D:2)
  3 gnolls
  4 adders (D:2)
  An ooze (D:2)
  An adder zombie (D:1)
  A worm (D:2)
  A leopard gecko (D:1)
  9 goblins
  5 hobgoblins
  4 jackals
  A ball python (D:1)
  6 bats
  6 frilled lizards
  A giant cockroach zombie (D:1)
  3 kobolds
  4 rats
52 creatures vanquished.

Notes
Turn   | Place    | Note
-------+----------+-------------------------------------------
     0 | D:1      | galech the Ogre Fighter began the quest for the Orb.
     0 | D:1      | Reached XP level 1. HP: 24/24 MP: 1/1
   109 | D:1      | Reached XP level 2. HP: 29/32 MP: 2/2
   433 | D:1      | Reached XP level 3. HP: 34/39 MP: 3/3
  1206 | D:2      | Noticed Jessica
  1587 | D:2      | Reached XP level 4. HP: 40/49 MP: 4/4
  1595 | D:2      | Killed Jessica
  1627 | D:2      | Found Gozag's Platinum Reserve.
  1658 | D:2      | Found an opulent altar of Gozag.
  2085 | D:2      | Reached XP level 5. HP: 30/55 MP: 5/5
  2316 | D:2      | Reached skill level 5 in Fighting
  2499 | D:2      | Noticed an ogre
  2507 | D:2      | Mangled by an ogre

Skill      XL: |  1  2  3  4  5 |
---------------+----------------+-----
Dodging        | 3 |  3.8
Shields        | 3 |  3.5
Maces & Flails | 3 4 |  4.0
Fighting       | 5 |  5.0
Stealth        | |  0.4

Action                   |  1- 3 |  4- 6 || total
-------------------------+-------+-------++-------
Melee: Flail             |   142 |    74 ||   216
  Use: Potion            |     1 |       ||     1
  Eat: Chunk             |     2 |     3 ||     5
Armor: Robe              |    39 |    13 ||    52
       Skin              |     5 |       ||     5
Dodge: Dodged            |    59 |    30 ||    89
Block: Shield            |    69 |    44 ||   113
